 Dungeon Crawl Stone Soup version 0.28-a0-998-gb9e9c7b67e (webtiles) character file.

Game seed: 17690225088172002657

1018 Colgate the Slicer (level 8, 0/58 HPs)
             Began as a Demonspawn Berserker on Dec 6, 2021.
             Was a Priest of Trog.
             Slain by a troll (8 damage)
             ... on level 5 of the Dungeon.
             The game lasted 00:18:21 (4351 turns).

Colgate the Slicer (Demonspawn Berserker)           Turns: 4351, Time: 00:18:21

Health: 0/58       AC:  6    Str: 18    XL:     8   Next: 2%
Magic:  8/8        EV: 11    Int:  8    God:    Trog [***...]
Gold:   208        SH:  4    Dex: 15    Spells: 7/7 levels left

rFire   . . .      SeeInvis .   a - +0 rapier
rCold   . . .      Faith    .   (no shield)
rNeg    . . .      Spirit   .   u - +0 ring mail {rPois}
rPois   +          Reflect  .   (no helmet)
rElec   .          Harm     .   (no cloak)
rCorr   .          Rampage  .   i - +0 pair of gloves
Will    +....                   (no boots)
Stlth   +.........              (no amulet)
HPRegen 0.19/turn               o - ring of willpower
MPRegen 0.11/turn               (no ring)

@: on berserk cooldown, slowed, very slow
A: claws 1, large bone plates 1, demonic guardian 1, powered by death 1
a: Renounce Religion, Berserk, Trog's Hand


You were on level 5 of the Dungeon.
You worshipped Trog.
Trog was most pleased with you.
You visited 1 branch of the dungeon, and saw 5 of its levels.

You collected 208 gold pieces.

Inventory:

Hand Weapons
 a - a +0 rapier (weapon)
 b - a +0 hunting sling
Missiles
 d - 34 stones (quivered)
 h - 32 sling bullets
Armour
 i - a +0 pair of gloves (worn)
 u - a +0 ring mail of poison resistance (worn)
Jewellery
 o - a ring of willpower (left hand)
Wands
 t - a wand of digging (2)
Scrolls
 c - 4 scrolls of teleportation {unknown}
 g - a scroll of amnesia {unknown}
 k - a scroll of enchant weapon {unknown}
 p - a scroll of immolation {unknown}
 q - a scroll of fear {unknown}
 v - a scroll of identify {unknown}
 w - a scroll of vulnerability {unknown}
Potions
 e - a potion of magic {unknown}
 f - 3 potions of attraction {unknown}
 l - a potion of might {unknown}
 m - 2 potions of heal wounds {unknown}
 n - a potion of curing {unknown}
 r - a potion of berserk rage {unknown}
 s - 2 potions of resistance {unknown}


   Skills:
 - Level 3.0 Fighting
 - Level 8.0(8.4) Short Blades
 - Level 3.8(6.4) Long Blades
 + Level 0.0 Slings
 - Level 1.7 Armour
 - Level 1.7 Dodging


You had 7 spell levels left.
You didn't know any spells.
Your spell library was empty.

Dungeon Overview and Level Annotations

Branches:
Dungeon (5/15)
 Temple: D:4-7

Altars:
Fedhas
Gozag
Okawaru


Innate Abilities, Weirdness & Mutations

You have sharp fingernails.
You are partially covered in large bone plates. (SH +4)
A weak demonic guardian rushes to your aid.
You regenerate a little health from kills.


Message History

The phantom hits you.
The phantom blinks!
You blink.
You are too injured to fight recklessly!
You closely miss the phantom.
The phantom is severely damaged.
You completely miss the phantom.
The phantom is severely damaged.
The phantom misses you.
You puncture the phantom!
You destroy the phantom!
Trog accepts your kill.
Your white imp barely misses the orc priest.
You feel a strong urge to attack something.
You are no longer berserk.
You are exhausted.
You feel yourself slow down.
Your white imp hits the orc priest.
Your white imp freezes the orc priest.
You closely miss the orc priest.
The orc priest is moderately wounded.
The orc priest hits you with a +0 flail.
Your white imp barely misses the orc priest.
You puncture the orc priest!
The orc priest is severely wounded.
The orc priest barely misses you.
Your white imp barely misses the orc priest.
You puncture the orc priest!
You kill the orc priest!
Trog accepts your kill.
Your Short Blades skill increases to level 8!
You have reached level 8!
You feel stronger.
Your demonic ancestry asserts itself...
Your fingernails lengthen.
Your white imp disappears in a puff of smoke!
You see here 2 sapphire potions.
You barely miss the troll. The troll completely misses you.
The troll claws you but does no damage. You block the troll's attack.
Your ring mail prevents you from hitting the troll.
The troll bites you! The troll claws you. The troll claws you!
* * * LOW HITPOINT WARNING * * *
A demonic guardian appears!
The troll bites you!
You die...

.##..........#.).....# .#
.#.......##..#))#....#..###
.#.....##......?#....#.....
...............##.)##......
.#.#####......##....#......
#### #......##........#
##.....#...5....##
##.......T.....##
###.....@!.....#
##...####..### ##### ####


You could see a troll (ally target) and a friendly ufetubus (summoned).

Vanquished Creatures
  A wyvern (D:4)
  Menkaure (D:5)
  An ogre (D:5)
  A phantom (D:5)
  A scorpion (D:4)
  2 orc priests (D:5)
  A bullfrog skeleton (D:5)
  Ijyb (D:4)
  An iguana (D:4)
  5 adders
  3 gnolls (D:2)
  A white imp (D:4)
  2 ufetubi
  2 worms
  5 dart slugs
  3 orcs (D:5)
  16 endoplasms
  2 giant cockroaches (D:1)
  7 goblins
  10 hobgoblins
  A quokka (D:2)
  6 ball pythons
  9 bats
  5 frilled lizards
  4 kobolds
  7 rats
98 creatures vanquished.

Vanquished Creatures (collateral kills)
  Grinder (D:4)
  2 giant cockroaches (D:1)
  2 goblins (D:1)
  A hobgoblin (D:1)
6 creatures vanquished.

Grand Total: 104 creatures vanquished

Notes
Turn   | Place    | Note
-------+----------+-------------------------------------------
     0 | D:1      | Colgate the Demonspawn Berserker began the quest for the
                  | Orb.
     0 | D:1      | Reached XP level 1. HP: 18/18 MP: 1/1
   330 | D:1      | Gained mutation: A weak demonic guardian rushes to your
                  | aid. [demonic ancestry]
   330 | D:1      | Reached XP level 2. HP: 24/24 MP: 2/2
   633 | D:1      | Reached ** piety under Trog
   641 | D:1      | Reached XP level 3. HP: 13/29 MP: 3/3
  1480 | D:2      | Reached skill level 1 in Short Blades
  1766 | D:2      | Reached skill level 2 in Short Blades
  1768 | D:2      | Gained mutation: You regenerate a little health from kills.
                  | [demonic ancestry]
  1768 | D:2      | Reached XP level 4. HP: 35/35 MP: 4/4
  1940 | D:2      | Found a faded altar of an unknown god.
  2113 | D:2      | Reached skill level 3 in Short Blades
  2579 | D:3      | Reached XP level 5. HP: 37/41 MP: 5/5
  2691 | D:3      | Found an iron altar of Okawaru.
  2748 | D:3      | Reached *** piety under Trog
  3044 | D:4      | Noticed Ijyb
  3062 | D:4      | Killed Ijyb
  3321 | D:4      | Noticed Grinder
  3339 | D:4      | Killed Grinder
  3340 | D:4      | Reached skill level 5 in Short Blades
  3340 | D:4      | Gained mutation: You are partially covered in large bone
                  | plates. (SH +4) [demonic ancestry]
  3340 | D:4      | Reached XP level 6. HP: 38/47 MP: 6/6
  4060 | D:4      | Noticed a wyvern
  4072 | D:4      | Killed a wyvern
  4073 | D:4      | Reached skill level 6 in Short Blades
  4073 | D:4      | Reached XP level 7. HP: 52/52 MP: 7/7
  4114 | D:4      | Found an opulent altar of Gozag.
  4116 | D:4      | Found a blossoming altar of Fedhas.
  4152 | D:5      | Entered Level 5 of the Dungeon
  4236 | D:5      | Noticed Menkaure
  4243 | D:5      | Killed Menkaure
  4244 | D:5      | Reached skill level 7 in Short Blades
  4335 | D:5      | Noticed a troll
  4345 | D:5      | Reached skill level 8 in Short Blades
  4345 | D:5      | Gained mutation: You have sharp fingernails. [demonic
                  | ancestry]
  4345 | D:5      | Reached XP level 8. HP: 29/58 MP: 8/8
  4351 | D:5      | Slain by a troll

Illustrated notes

Levels and vault maps discovered:
D:1:      dpeg_arrival_orchard, layout_basic, minmay_split_cup_large
D:2:      layout_loops_ring, basic_ecumenical_altar, kennysheep_nondescript,
          minmay_misc_feat_plants, st_stairs_9
D:3:      layout_rooms, mainiacjoe_overflow_six_doors_small,
          minmay_tree_intersection
D:4:      layout_rooms, minitemple, uniq_ijyb, uniq_grinder
D:5:      layout_cave_pools, mainiacjoe_overflow_alcove_2, uniq_menkaure

Skill      XL: |  1  2  3  4  5  6  7 |
---------------+----------------------+-----
Long Blades    | 3 |  3.8
Short Blades   | 2 3 5 6 8 |  8.0
Fighting       | |  3.0
Armour         | |  1.7
Dodging        | |  1.7

Action                   |  1- 3 |  4- 6 |  7- 9 || total
-------------------------+-------+-------+-------++-------
Melee: Falchion          |    44 |       |       ||    44
       Rapier            |    44 |   110 |    46 ||   200
 Fire: Hunting sling     |     4 |    86 |    19 ||   109
Throw: Throwing net      |       |     2 |       ||     2
Invok: Berserk           |     2 |     2 |     1 ||     5
Armor: Animal skin       |    19 |    13 |       ||    32
       Ring mail         |       |     5 |     6 ||    11
Dodge: Dodged            |    48 |    74 |    18 ||   140
Block: Other             |       |     2 |     7 ||     9

Table legend: (Time is in decaauts)
 A = Elapsed time spent in this place.
 B = Non-inter-level travel time spent in this place.
 C = Inter-level travel time spent in this place.
 D = Time resting spent in this place.
 E = Time spent auto-exploring this place.
 F = Levels seen in this place.
 G = Mean time per level.
                   A        B        C        D        E       F      G
               +--------+--------+--------+--------+--------+-----+--------+
         Total |   4383 |   4265 |    118 |    113 |   3383 |   5 |  876.6 |
       Dungeon |   4383 |   4265 |    118 |    113 |   3383 |   5 |  876.6 |
               +--------+--------+--------+--------+--------+-----+--------+

Top non-repeatable levels by time:
     D:1: 1433 daAuts
     D:4: 978 daAuts
     D:2: 930 daAuts
     D:3: 852 daAuts
     D:5: 190 daAuts
